 Dungeon Crawl Stone Soup version 0.21.0-3-g78d12a8 (webtiles) character file.

503 MDvedh the Poker (level 7, 0/52 HPs)
             Began as a Formicid Abyssal Knight on Jan 9, 2018.
             Was a Priest of Lugonu.
             Succumbed to Crazy Yiuf's poison
             ... on level 6 of the Dungeon.
             The game lasted 00:06:46 (4015 turns).

MDvedh the Poker (Formicid Abyssal Knight)          Turns: 4015, Time: 00:06:47

Health: 0/52       AC:  8    Str: 23    XL:     7   Next: 40%
Magic:  8/8        EV:  8    Int: 17    God:    Lugonu [***...]
Gold:   103        SH:  0    Dex: 13    Spells: 6/6 levels left

rFire    . . .     SeeInvis +   i - +1 spear (pain)
rCold    . . .     Gourm    .   (no shield)
rNeg     . . .     Faith    .   f - +0 chain mail
rPois    .         Spirit   .   (helmet unavailable)
rElec    .         Reflect  .   (no cloak)
rCorr    +         Harm     .   (no gloves)
MR       .....                  (no boots)
Stlth    ..........             (no amulet)
HPRegen  0.17/turn              j - +3 ring of dexterity
MPRegen  0.11/turn              l - ring of resist corrosion

@: mighty, brilliant, lethally poisoned (0 -> -5)
A: permanent stasis, dig shafts and tunnels, four strong arms, antennae 3
a: Dig, Shaft Self, Depart the Abyss, Bend Space, Banish, Renounce Religion


You were on level 6 of the Dungeon.
You worshipped Lugonu.
Lugonu was most pleased with you.
You were very hungry.

You visited 1 branch of the dungeon, and saw 4 of its levels.
You visited the Abyss 1 time.
You also visited: Sewer.

You collected 103 gold pieces.

Inventory:

Hand Weapons
 a - a +1 spear
 i - a +1 spear of pain (weapon)
Armour
 f - a +0 chain mail (worn)
Jewellery
 j - a +3 ring of dexterity (left hand)
 l - a ring of resist corrosion (right hand)
Wands
 g - a wand of enslavement (10)
Scrolls
 d - 4 scrolls of identify
 e - 4 scrolls of magic mapping
 h - 3 scrolls of immolation
 m - a scroll of noise
 n - 2 scrolls of remove curse {unknown}
 q - a scroll of fog {unknown}
 r - a scroll of fear {unknown}
Potions
 k - 2 potions of mutation
 t - a potion of haste {unknown}
Comestibles
 c - 5 rations


   Skills:
 - Level 3.2 Fighting
 + Level 7.6 Polearms
 - Level 2.1 Armour
 - Level 0.8 Dodging
 - Level 2.1 Invocations


You had 6 spell levels left.
You didn't know any spells.

Dungeon Overview and Level Annotations

Branches:
Dungeon (3/15)

Altars:
Dithmenos

Annotations:
D:3 2 transporters, Crazy Yiuf


Innate Abilities, Weirdness & Mutations

You cannot be hasted, slowed, berserked, paralysed or teleported.
You can dig through walls and to a lower floor.
Your four strong arms can wield two-handed weapons with a shield.
You have a pair of large antennae on your head. (SInv)


Message History

You begin to dig a shaft.
You continue digging a shaft.
* * * LOW HITPOINT WARNING * * *
You feel sick. A shaft appears beneath you!
You fall through a shaft for 3 floors!
The shaft crumbles and collapses. 2 jackals come into view.
* * * LOW HITPOINT WARNING * * *
You feel sick.
The jackal barks! x2
Found a ring of resist corrosion.
Unknown command.
It was a potion of magic.
Magic courses through your body.
* * * LOW HITPOINT WARNING * * *
You feel sick.
It was a potion of brilliance.
You feel clever all of a sudden.
It was a potion of might.
You feel very mighty all of a sudden.
You die...

.... .##...#
....... ##
..#.. . # ....
.###.#
####..##.....#
#..........#
#..h..@....#
............#
..=h........#
............#
............#
########....#
{ { ....#
....#


You could see 2 jackals.

Vanquished Creatures
  2 big kobolds (Sewer)
  2 orc priests (D:3)
  Jessica (D:2)
  A worker ant zombie (D:2)
  A gnoll (D:1)
  9 adders
  4 river rats (Sewer)
  An ooze (Sewer)
  7 worms
  2 dart slugs
  4 leopard geckos
  8 orcs (D:3)
  9 bats
  3 giant cockroaches
  13 goblins
  11 hobgoblins
  3 ball pythons
  7 frilled lizards
  16 kobolds
  10 rats
114 creatures vanquished.

Notes
Turn   | Place    | Note
-------+----------+-------------------------------------------
     0 | Abyss:1  | MDvedh the Formicid Abyssal Knight began the quest for the Orb.
     0 | Abyss:1  | Reached XP level 1. HP: 18/18 MP: 2/2
    17 | D:1      | Escaped the Abyss
   423 | D:1      | Reached XP level 2. HP: 17/24 MP: 3/3
   451 | D:1      | Reached skill level 3 in Polearms
   567 | D:1      | Reached XP level 3. HP: 29/29 MP: 4/4
   919 | D:1      | Reached ** piety under Lugonu
  1131 | D:1      | Reached skill level 4 in Polearms
  1131 | D:1      | Reached XP level 4. HP: 33/35 MP: 5/5
  1401 | D:2      | Found a shadowy altar of Dithmenos.
  1479 | D:2      | Noticed Jessica
  1498 | D:2      | Killed Jessica
  1498 | D:2      | Reached XP level 5. HP: 32/41 MP: 6/6
  1563 | D:2      | Reached skill level 5 in Polearms
  2170 | D:3      | Found a transporter.
  2202 | D:3      | Reached XP level 6. HP: 22/47 MP: 7/7
  2209 | D:3      | Reached skill level 6 in Polearms
  2408 | D:3      | Found a transporter.
  2483 | D:3      | Reached *** piety under Lugonu
  2588 | D:3      | Found a glowing drain.
  2608 | Sewer    | Entered a sewer
  2944 | Sewer    | Reached skill level 7 in Polearms
  2944 | Sewer    | Reached XP level 7. HP: 41/52 MP: 8/8
  3990 | D:3      | Found a runed door.
  3994 | D:3      | Noticed Crazy Yiuf
  4007 | D:3      | HP: 2/52 [Crazy Yiuf/quarterstaff of chaos (7)]
  4012 | D:3      | You fall through a shaft for 3 floors!
  4012 | D:6      | HP: 2/52 [poisoned by Crazy Yiuf]
  4015 | D:6      | Succumbed to Crazy Yiuf's poison

Skill      XL: |  1  2  3  4  5  6 |
---------------+-------------------+-----
Polearms       | 3 4 5 7 |  7.6
Fighting       | |  3.2
Armour         | |  2.1
Dodging        | |  0.8
Invocations    | |  2.1

Action                   |  1- 3 |  4- 6 |  7- 9 || total
-------------------------+-------+-------+-------++-------
Melee: Spear             |   137 |   321 |   128 ||   586
 Abil: Dig               |       |     1 |       ||     1
       Shaft Self        |       |       |     1 ||     1
  Use: Scroll            |       |     7 |       ||     7
       Potion            |       |     1 |     5 ||     6
  Eat: Chunk             |     1 |     5 |     4 ||    10
Armor: Chain mail        |    47 |    95 |    37 ||   179
       Leather armour    |     5 |       |       ||     5
Dodge: Dodged            |    50 |    63 |    23 ||   136
